Map: Interloper LE

Players

Winthrowe - Winner!

  • Race: Zerg Zerg
  • League: Silver
  • Spawn Location: 5:00

TrogloDyke

  • Race: Protoss Protoss
  • League: Silver
  • Spawn Location: 11:00

VOD

Have the link to the VOD?

Description

Time

  • Played on: Aug. 28, 2017, 4:55 p.m.
  • Length: 7:03
Show
View Real Time Build Order
Export as new Build Order

Winthrowe Zerg - Winner!

Build Orders: Pool First 

Get SALT Encoding   

  12  0:02  Drone  
  13  0:15  Overlord  
  13  0:18  Drone  
  14  0:37  Drone  
  14  0:38  Drone  
  17  0:42  Drone  
  17  0:49  Spawning Pool  
  16  0:50  Drone  
  17  1:04  Extractor, Drone  
  17  1:12  Overlord  
  17  1:22  Drone  
  19  1:37  Queen  
  20  1:52  Extractor  
  20  1:53  Drone  
  20  1:57  Drone  
  21  2:12  Queen  
  24  2:22  Drone  
  24  2:23  Drone  
  25  2:37  Hatchery  
  25  2:39  Roach Warren  
  25  2:42  Drone x2  
  25  3:06  Drone x2  
  27  3:14  Drone  
  27  3:15  Evolution Chamber, Drone  
  27  3:17  Evolution Chamber  
  27  3:30  Drone  
  27  3:31  Drone  
  29  3:48  Zerg Missile Weapons Level 1  
  29  3:49  Zerg Ground Armor Level 1  
  29  3:52  Lair  
  29  3:56  Roach  
  29  3:58  Overlord x2  
  29  3:59  Roach  
  33  4:05  Drone x2  
  35  4:16  Drone  
  35  4:17  Drone x3  
  39  4:36  Roach  
  39  4:37  Roach x2  
  45  4:40  Drone  
  46  4:51  Glial Reconstitution  
  46  4:54  Roach  
  46  4:55  Roach x2  
  46  4:59  Overlord x2  
  52  5:16  Overlord x2  
  52  5:18  Roach  
  54  5:30  Roach x5  
  54  5:31  Roach x2  
  54  5:32  Overlord x2  
  68  5:50  Roach  
  68  5:51  Roach x3  
  68  5:52  Roach  
  68  5:53  Roach  
  80  6:03  Extractor, Roach x2  
  83  6:04  Extractor  
  83  6:05  Drone x2  
  83  6:06  Drone  
  83  6:07  Drone  
  82  6:28  Roach  
  82  6:29  Roach x5  
Show
View Real Time Build Order
Export as new Build Order

TrogloDyke Protoss 

Build Orders: Cannon Rush 

Get SALT Encoding   

  12  0:02  Probe (Chrono Boost)  
  13  0:15  Probe (Chrono Boost)  
  14  0:24  Pylon  
  14  0:43  Forge  
  14  0:44  Probe (Chrono Boost)  
  15  1:10  Probe (Chrono Boost)  
  16  1:16  Pylon  
  16  1:17  Pylon  
  16  1:20  Pylon  
  16  1:37  Photon Cannon  
  16  1:41  Photon Cannon  
  16  1:47  Photon Cannon  
  16  1:51  Probe (Chrono Boost)  
  17  2:02  Photon Cannon  
  17  2:09  Pylon  
  17  2:20  Pylon, Probe (Chrono Boost)  
  18  2:30  Probe (Chrono Boost)  
  18  2:31  Photon Cannon  
  19  2:43  Assimilator  
  19  2:47  Assimilator  
  19  3:00  Gateway  
  20  3:05  Probe (Chrono Boost)  
  20  3:15  Gateway  
  20  3:16  Probe (Chrono Boost)  
  21  3:26  Probe (Chrono Boost)  
  22  3:37  Probe (Chrono Boost)  
  23  3:45  Pylon  
  23  3:47  Pylon  
  23  3:48  Probe (Chrono Boost)  
  24  3:54  Zealot  
  26  3:58  Probe (Chrono Boost)  
  27  4:03  Zealot  
  27  4:08  Cybernetics Core  
  29  4:15  Probe (Chrono Boost)  
  30  4:21  Zealot, Photon Cannon  
  32  4:30  Photon Cannon  
  32  4:41  Photon Cannon  
  32  4:54  Adept  
  32  4:55  Sentry  
  36  5:09  Warp Gate (Chrono Boost)  
  36  5:22  Sentry, Nexus  
  36  5:24  Sentry  
  40  5:28  Probe  
  41  5:40  Probe  
  42  5:53  Probe  
  42  5:54  Photon Cannon  
  43  6:01  Pylon  
  43  6:30  Photon Cannon  
  37  6:47  Pylon  
Tags
 
Add a new tag
Caveats
  • Supply blocks, unpowered buildings, or Contaminate may cause inaccurate times.
  • Supply counts are checked every 10 seconds.